 Dungeon Crawl Stone Soup version 0.28.0-43-g3370ac3207 (webtiles) character file.

Game seed: 7986082300400770921

562 4FPSwarrior the Sneak (level 7, -4/25 (35) HPs)
             Began as a Vine Stalker Enchanter on Mar 19, 2022.
             Was a Follower of Okawaru.
             Slain by a wight
             ... wielding a +0 short sword of speed
              (5 damage)
             ... on level 6 of the Dungeon.
             The game lasted 00:15:55 (5420 turns).

4FPSwarrior the Sneak (Vine Stalker Enchanter)      Turns: 5420, Time: 00:15:56

HP:   -4/25 (35)    AC:  3    Str: 11    XL:     7   Next: 32%
MP:   0/22          EV: 11    Int: 15    God:    Okawaru [*.....]
Gold: 291           SH:  0    Dex: 16    Spells: 8/13 levels left

rFire   . . .      SeeInvis .   a - +1 dagger
rCold   . . .      Faith    .   (no shield)
rNeg    . . .      Spirit   +   g - +0 leather armour
rPois   .          Reflect  .   (no helmet)
rElec   .          Harm     .   (no cloak)
rCorr   +          Rampage  .   (no gloves)
Will    .....                   (no boots)
Stlth   +++.......              (no amulet)
HPRegen 0.88/turn               f - ring of magical power
MPRegen 0.18/turn               j - ring of resist corrosion

@: confusing by touch, very slightly contaminated, very heavily drained
A: fangs 2, regeneration 1, magic shield, antimagic bite, no potion heal 2
a: Renounce Religion, Heroism


You were on level 6 of the Dungeon.
You worshipped Okawaru.
Okawaru was aware of your devotion.
You visited 1 branch of the dungeon, and saw 6 of its levels.

You collected 291 gold pieces.

Inventory:

Hand Weapons
 a - a +1 dagger (weapon)
 u - the +6 trident of Dowdy Conscience {vorpal, Contam Int+3 Dex+3 Stlth+}
   (You found it on level 3 of the Dungeon)

   It inflicts extra damage upon your enemies.
   Int:       It affects your intelligence (+3).
   Dex:       It affects your dexterity (+3).
   Contam:    It causes magical contamination when unequipped.
   Stlth:     It makes you more stealthy.
 y - a +4 short sword
Missiles
 d - 6 poisoned darts (quivered)
 B - a throwing net
 D - a curare-tipped dart
Armour
 b - a +0 robe
 g - a +0 leather armour (worn)
Jewellery
 f - a ring of magical power (left hand)
 j - a ring of resist corrosion (right hand)
Scrolls
 e - a scroll of brand weapon {unknown}
 k - a scroll of fog {unknown}
 l - 2 scrolls of noise {unknown}
 m - 4 scrolls of immolation
 t - 2 scrolls of amnesia
 w - 2 scrolls of teleportation
 x - a scroll of holy word
 A - a scroll of blinking {unknown}
 C - a scroll of vulnerability {unknown}
Potions
 c - 3 potions of invisibility
 h - a potion of lignification {unknown}
 i - a potion of attraction {unknown}
 n - 3 potions of haste {unknown}
 o - a potion of might {unknown}
 p - 3 potions of curing {unknown}
 q - 3 potions of flight {unknown}
 r - a potion of heal wounds {unknown}
 s - a potion of ambrosia {unknown}
 v - 2 potions of mutation {unknown}
 z - a potion of cancellation {unknown}


   Skills:
 + Level 2.5 Fighting
 + Level 2.8 Short Blades
 - Level 1.5 Dodging
 + Level 5.1 Stealth
 + Level 3.8 Spellcasting
 + Level 4.4 Hexes
 + Level 2.6 Ice Magic


You had 8 spell levels left.
You knew the following spells:

 Your Spells              Type           Power      Damage    Failure   Level
a - Ensorcelled Hibernat  Hex/Ice        26%        N/A       9%          2
b - Confusing Touch       Hex            16%        N/A       12%         3

Your spell library contained the following spells:

 Spells                   Type           Power      Damage    Failure   Level
 Dazzling Flash           Conj/Hex       18%        N/A       28%         3
 Tukima's Dance           Hex            Unusable   N/A       N/A         3

Dungeon Overview and Level Annotations

Branches:
Dungeon (6/15)             Temple (0/1) D:5

Altars:
Nemelex Xobeh
Okawaru
Xom

Shops:
D:4 [   D:6 *

Annotations:
D:3 Grinder
D:4 2 runed translucent doors


Innate Abilities, Weirdness & Mutations

You have extremely sharp teeth.
Your natural rate of healing is unusually fast.
When hurt, damage is shared between your health and your magic reserves.
Your bite disrupts and absorbs the magic of your enemies.
Potions cannot restore your health.


Message History

[Y]es or [N]o only, please.
The spell is quite dangerous to miscast (12% risk of failure)!
Continue anyway? [Y]es or [N]o only, please.
The spell is quite dangerous to miscast (12% risk of failure)!
Continue anyway?
You miscast Confusing Touch.
You are very lightly contaminated with residual magic.
You feel enfeebled.
You feel yourself slow down. The wight barely misses you.
You hit the wight. Your bite misses the wight.
The wight is almost destroyed.
The wight hits you with a +0 short sword of speed.
You feel drained.
The wight hits you with a +0 short sword of speed!
You feel drained.
You hit the wight but do no damage.
The wight is almost destroyed.
The wight barely misses you. x2
Casting: Confusing Touch (quite dangerous; 12% risk of failure)
Confirm with . or Enter, or press ? or * to list all spells.
The spell is quite dangerous to miscast (12% risk of failure)!
Continue anyway?
Your hands begin to glow red.
The wight hits you with a +0 short sword of speed.
You feel drained. The wight misses you.
You hit the wight but do no damage. Your bite misses the wight.
The wight is almost destroyed.
The wight hits you with a +0 short sword of speed.
The wight hits you but does no damage.
You hit the wight but do no damage. Your bite misses the wight.
The wight is almost destroyed.
The wight completely misses you.
The wight hits you with a +0 short sword of speed.
* * * LOW HITPOINT WARNING * * *
You completely miss the wight.
The wight is almost destroyed.
You feel yourself speed up.
The wight hits you with a +0 short sword of speed!
* * * LOW HITPOINT WARNING * * *
You feel drained.
* * * LOW HITPOINT WARNING * * *
The wight hits you with a +0 short sword of speed.
You die...

#.# #.#
#.# # #.#
# #.# #
#.# # #.#
# #z# #
#@#
#########
#.#
#........
#.######
#.#######
#......#
#.#
######.#
#.# #.#
#.# ###
#.# #.#
#.. #.#
#.# #.#
#.# #.#
#.#


You could see a wight.

Vanquished Creatures
  A sky beast (D:5)
  A kobold brigand (D:6)
  A bullfrog (D:6)
  2 hounds
  A centaur skeleton (D:6)
  3 iguanas
  An orc wizard (D:5)
  A howler monkey zombie (D:5)
  A howler monkey skeleton (D:6)
  3 adders
  A shadow imp (D:3)
  An adder skeleton (D:4)
  A worm (D:3)
  8 orcs
  5 ball pythons
  4 bats
  5 endoplasms
  4 giant cockroaches
  8 goblins
  7 hobgoblins
  4 jackals (D:5)
  9 kobolds
  4 quokkas
  3 frilled lizards
  15 rats
94 creatures vanquished.

Vanquished Creatures (others)
  3 plants (D:3)
3 creatures vanquished.

Grand Total: 97 creatures vanquished

Notes
Turn   | Place    | Note
-------+----------+-------------------------------------------
     0 | D:1      | 4FPSwarrior the Vine Stalker Enchanter began the quest for
                  | the Orb.
     0 | D:1      | Reached XP level 1. HP: 9/9 MP: 4/4
    63 | D:1      | Reached skill level 1 in Short Blades
    82 | D:1      | Found a faded altar of an unknown god.
   446 | D:1      | Reached XP level 2. HP: 11/14 MP: 6/6
   514 | D:1      | Learned a level 2 spell: Ensorcelled Hibernation
  1065 | D:1      | Reached XP level 3. HP: 17/17 MP: 7/7
  1653 | D:2      | Reached skill level 1 in Fighting
  1905 | D:2      | Found an iron altar of Okawaru.
  2249 | D:2      | Became a worshipper of Warmaster Okawaru
  2389 | D:3      | Noticed Grinder
  2407 | D:3      | Paralysed by Grinder for 2 turns
  2426 | D:2      | Gained mutation: Your natural rate of healing is unusually
                  | fast. [Vine Stalker growth]
  2426 | D:2      | Reached XP level 4. HP: 19/22 MP: 6/9
  2712 | D:3      | Reached skill level 1 in Ice Magic
  2938 | D:3      | Identified the +6 trident of Dowdy Conscience {vorpal,
                  | Contam Int+3 Dex+3 Stlth+}
  3336 | D:4      | Reached skill level 4 in Stealth
  3340 | D:4      | Learned a level 3 spell: Confusing Touch
  3411 | D:4      | Reached XP level 5. HP: 25/25 MP: 8/10
  3858 | D:4      | Found a large runed translucent door.
  3859 | D:4      | Found a large runed translucent door.
  3938 | D:4      | You fall into a shaft and drop 2 floors!
  4150 | D:6      | Found Jiranoge's General Store.
  4154 | D:5      | Entered Level 5 of the Dungeon
  4176 | D:5      | Reached * piety under Okawaru
  4177 | D:5      | Reached XP level 6. HP: 28/30 MP: 12/12
  4358 | D:4      | Found Naopsaps's Armour Boutique.
  4486 | D:4      | Found a shimmering altar of Xom.
  4537 | D:5      | Noticed a sky beast
  4550 | D:5      | Killed a sky beast
  4607 | D:5      | Found a staircase to the Ecumenical Temple.
  4796 | D:5      | Noticed an ice beast
  5002 | D:6      | Reached XP level 7. HP: 35/35 MP: 13/13
  5076 | D:6      | Reached skill level 5 in Stealth
  5218 | D:6      | Found a sparkling altar of Nemelex Xobeh.
  5420 | D:6      | HP: 1/25 [wight/+0 short sword of speed (3)]
  5420 | D:6      | Slain by a wight

Illustrated notes

Levels and vault maps discovered:
D:1:      dpeg_arrival_central, layout_basic, ebering_ecumenical_altar_rust
D:2:      layout_basic, basic_altar, minmay_rat_gold_closets
D:3:      layout_rooms, serial_forest, infiniplex_forest_end_double,
          infiniplex_forest_lined_corner, infiniplex_forest_clump_cross,
          infiniplex_forest_clump_cross, infiniplex_forest_lined_room_,
          infiniplex_forest_lined_room_3, infiniplex_forest_straight_2,
          infiniplex_forest_end_1, kennysheep_nondescript, uniq_grinder
D:4:      due_chaos_kobolds, layout_cave_pools, serial_shops, shop,
          grunt_decor_mini_mirrors, minmay_misc_feat_tiny
D:5:      minmay_octagon_keep, layout_loops_ring,
          lemuel_mausoleum_altar_yredelemnul, temple_fountains,
          uniq_prince_ribbit1
D:6:      layout_loops_ring, mainiacjoe_overflow_brackets, serial_shops,
          nicolae_square_shop, kennysheep_decorative_pillar

Skill      XL: |  1  2  3  4  5  6  7 |
---------------+----------------------+-----
Short Blades   | 1 2 |  2.8
Fighting       | 1 2 |  2.5
Ice Magic      | 1 2 |  2.6
Stealth        | 4 5 |  5.1
Spellcasting   | 3 |  3.8
Hexes          | 4 |  4.4
Dodging        | |  1.5

Action                   |  1- 3 |  4- 6 |  7- 9 || total
-------------------------+-------+-------+-------++-------
Melee: Dagger            |    71 |   143 |    31 ||   245
       Bite              |    10 |    31 |     7 ||    48
       Punch             |     1 |     2 |     1 ||     4
Throw: Dart              |       |     8 |       ||     8
 Cast: Ensorcelled Hiber |    22 |    29 |     6 ||    57
       Confusing Touch   |       |       |     1 ||     1
  Use: Scroll            |       |     4 |       ||     4
 Stab: Sleeping          |    27 |    18 |     2 ||    47
       Distracted        |       |     1 |       ||     1
Armor: Robe              |     4 |       |       ||     4
       Leather armour    |     8 |    32 |     6 ||    46
Dodge: Dodged            |    32 |    68 |    22 ||   122
